 Dungeon Crawl Stone Soup version 0.32-a0-876-gcfddb08e57 (webtiles) character file.

Game seed: 1192829208725343701

6 Ajdolov the Covered (level 1, -2/15 HPs)
             Began as an Armataur Wanderer on Apr 1, 2024.
             Frozen to death by an endoplasm (3 damage)
             ... on level 1 of the Dungeon.
             The game lasted 00:01:11 (369 turns).

Ajdolov the Covered (Armataur Wanderer)              Turns: 369, Time: 00:01:12

Health: -2/15      AC:  6    Str: 18    XL:     1   Next: 75%
Magic:  3/3        EV:  6    Int: 13    God:
Gold:   16         SH:  0    Dex:  7    Spells: 3/3 levels left

rFire   . . .        a - +0 club
rCold   . . .        (no shield)
rNeg    . . .        c - +0 scale mail
rPois   .            (no helmet)
rElec   .            (no cloak)
rCorr   .            (no gloves)
SInv    .            (no barding)
Will    .....        (no amulet) Stlth
                     (no ring)
HPRegen 0.22/turn    (no ring)
MPRegen 1.40/turn

%: roll
@: no status effects
A: large, deformed body, tough skin 3, armoured tail, rollpage 1
a: no special abilities


You were on level 1 of the Dungeon.
You visited 1 branch of the dungeon, and saw 1 of its levels.

You collected 16 gold pieces.

Inventory:

Hand Weapons
 a - a +0 club (weapon)
Armour
 c - a +0 scale mail (worn)
Potions
 b - a potion of heal wounds
 d - a potion of degeneration {unknown}


   Skills:
 + Level 0.5 Fighting
 + Level 0.5 Maces & Flails
 - Level 3.6 Armour
 - Level 1.0 Dodging
 - Level 1.7 Spellcasting
 - Level 1.0 Hexes
 - Level 1.7 Alchemy
 + Level 1.2 Evocations


You had 3 spell levels left.
You didn't know any spells.
Your spell library contained the following spells:

 Spells                   Type           Power      Damage    Failure   Level
 Slow                     Hex            12%        N/A       47%         1
 Sting                    Conj/Alch      12%        1d3       50%         1
 Foxfire                  Conj/Fire      4%         2x1d4     63%         1
 Inner Flame              Hex/Fire       2%         N/A       89%         3
 Olgreb's Toxic Radiance  Alch           5%         N/A       98%         4
 Ignite Poison            Fire/Alch      3%         N/A       99%         4
 Plasma Beam              Fire/Air       0%         2x1d10    100%        6
 Starburst                Conj/Fire      0%         6d3       100%        6


Dungeon Overview and Level Annotations

Branches:
Dungeon (1/15)

Altars:

Shops:
D:1 =


Innate Abilities, Weirdness & Mutations

Armour fits poorly on your strangely shaped body.
You have extremely tough skin. (AC +3)
You have a long armoured tail.
You regenerate magic when rolling toward enemies. (Rampage MPRegen)


Message History

You closely miss the bat.
The bat is severely wounded.
The bat closely misses you.
You closely miss the bat.
Your tail-slap misses the bat.
The bat is severely wounded.
The bat closely misses you. The bat hits you but does no damage.
You completely miss the bat.
Your tail-slap misses the bat.
The bat is severely wounded.
The bat hits you.
You roll towards the bat!
You miss the bat. You tail-slap the bat.
You kill the bat!
No target in view!
No target in view!
An endoplasm and a hobgoblin come into view.
Found 13 gold pieces.
The endoplasm quivers.
The hobgoblin shouts!
You roll towards the endoplasm!
You roll towards the endoplasm!
The hobgoblin hits you. The endoplasm barely misses you.
You barely miss the hobgoblin.
The hobgoblin hits you but does no damage.
The endoplasm hits you.
You hit the hobgoblin.
The hobgoblin is moderately wounded.
The endoplasm hits you.
The hobgoblin hits you but does no damage.
You are too injured to fight recklessly!
You barely miss the endoplasm. You tail-slap the endoplasm.
The endoplasm is almost dead.
The hobgoblin hits you.
The endoplasm hits you but does no damage. x2
The hobgoblin hits you but does no damage.
You hit the hobgoblin but do no damage.
The hobgoblin is moderately wounded.
The hobgoblin hits you.
* * * LOW HITPOINT WARNING * * *
The endoplasm freezes you.
You are frozen.
You die...

.....#### .......#
.....#.### ###.....####
#....$.....########
######..........'.......
#...$...........##...##.
#...............###..##.
#.....g@........# #..##.
#.....J.........# #..##.
#......###.########..##.
....... .............##.
##########+#######...##.
####...##. #.......#.
#.......#. ##.......#.


You could see an endoplasm and a hobgoblin.

Vanquished Creatures
  An endoplasm (D:1)
  A giant cockroach (D:1)
  A ball python (D:1)
  2 bats (D:1)
  A kobold (D:1)
  A rat (D:1)
7 creatures vanquished.

Notes
Turn   | Place    | Note
-------+----------+-------------------------------------------
     0 | D:1      | Ajdolov the Armataur Wanderer began the quest for the Orb.
     0 | D:1      | Ajdolov set off with the following items: a +0 club, a
                  | potion of heal wounds, a +0 scale mail; and the following
                  | spells available to memorise: Slow, Sting, Inner Flame,
                  | Olgreb's Toxic Radiance, Ignite Poison.
     0 | D:1      | Reached XP level 1. HP: 14/14 MP: 3/3
   193 | D:1      | Found Nein Redo's Jewellery Shop.
   369 | D:1      | Frozen to death by an endoplasm

Illustrated notes

Levels and vault maps discovered:
D:1:      dpeg_arrival_snail, layout_basic, serial_shops, shop

Action                     || total
---------------------------++-------
  Melee: Club              ||    39
         Tailslap          ||     4
 Armour: Scale mail        ||    45
  Dodge: Dodged            ||    16

Table legend: (Time is in decaauts)
 A = Elapsed time spent in this place.
 B = Non-inter-level travel time spent in this place.
 C = Inter-level travel time spent in this place.
 D = Time resting spent in this place.
 E = Time spent auto-exploring this place.
 F = Levels seen in this place.
 G = Mean time per level.
                   A        B        C        D        E       F      G
               +--------+--------+--------+--------+--------+-----+--------+
         Total |    380 |    361 |     19 |      0 |    281 |   1 |  380.0 |
       Dungeon |    380 |    361 |     19 |      0 |    281 |   1 |  380.0 |
               +--------+--------+--------+--------+--------+-----+--------+

Top non-repeatable levels by time:
     D:1: 380 daAuts
